 Dungeon Crawl Stone Soup version 0.25-a0-737-g26c3a87c45 (webtiles) character file.

Game seed: 9687083027430933931, levelgen mode: classic

523 Amnesiac the Chiller (level 7, -3/52 HPs)
             Began as a Ghoul Ice Elementalist on Apr 11, 2020.
             Was a Believer of Vehumet.
             Slain by a worker ant zombie (6 damage)
             ... on level 3 of the Dungeon.
             The game lasted 00:07:45 (3294 turns).

Amnesiac the Chiller (Ghoul Ice Elementalist)       Turns: 3294, Time: 00:07:45

Health: -3/52      AC:  2    Str:  9 (12) XL:     7   Next: 22%
Magic:  3/11       EV: 12    Int: 10 (12) God:    Vehumet [**....]
Gold:   169        SH:  0    Dex:  8 (9)  Spells: 4/12 levels left

rFire    . . .     SeeInvis .   h - +0 flail
rCold    + + .     Gourm    .   (no shield)
rNeg     + + +     Faith    .   a - +0 robe
rPois    ∞         Spirit   .   (no helmet)
rElec    .         Reflect  .   (no cloak)
rCorr    .         Harm     +   (no gloves)
MR       .....                  (no boots)
Stlth    ++........             d - amulet of harm
HPRegen  0.00/turn              i - ring of protection from cold
MPRegen  0.12/turn              (no ring)

@: frozen ramparts, rotting
A: rotting body, claws 1, carnivore, cold resistance 1, negative energy
resistance 3, inhibited regeneration, torment resistance, unbreathing
a: Renounce Religion


You were on level 3 of the Dungeon.
You worshipped Vehumet.
Vehumet was pleased with you.
You were not hungry.

You visited 2 branches of the dungeon, and saw 6 of its levels.

You collected 169 gold pieces.

Inventory:

Hand Weapons
 h - a +0 flail (weapon)
 q - a +0 falchion
Armour
 a - a +0 robe (worn)
 b - a +0 pair of gloves
 k - a +0 buckler
 o - a +0 pair of boots
Jewellery
 d - an amulet of harm (around neck)
 i - a ring of protection from cold (left claw)
 p - an uncursed ring of fire {unknown}
Scrolls
 e - 4 scrolls of identify {!r, unknown}
 g - a scroll of enchant armour {!r, unknown}
 j - a scroll of blinking {!r, unknown}
 m - a scroll of remove curse {!r, unknown}
 n - a scroll of random uselessness {!r, unknown}
Comestibles
 c - 6 rations


   Skills:
 - Level 1.5 Fighting
 - Level 1.7 Dodging
 - Level 2.1 Stealth
 + Level 2.6 Shields
 + Level 3.4 Spellcasting
 * Level 7.3 Ice Magic


You had 4 spell levels left.
You knew the following spells:

 Your Spells              Type           Power        Failure   Level  Hunger
a - Freeze                Ice            ###.         1%          1    #......
b - Frozen Ramparts       Ice            ###...       4%          3    ###....
c - Summon Ice Beast      Ice/Summ       #.......     52%         4    #####..

Your spell library contained the following spells:

 Spells                   Type           Power        Failure   Level  Hunger
 Shock                    Conj/Air       #...         26%         1    #......
 Ozocubu's Armour         Chrm/Ice       #.......     19%         3    ###....
 Hailstorm                Conj/Ice       #.......     52%         4    #####..


Dungeon Overview and Level Annotations

Branches:
Dungeon (5/15)             Temple (1/1) D:4

Altars:
Ashenzari
Cheibriados
Dithmenos
Fedhas
Gozag
Hepliaklqana
Makhleb
Nemelex Xobeh
Qazlal
Sif Muna
Trog
Uskayaw
Vehumet
Wu Jian
Zin

Annotations:
D:4 exclusion: downstairs
D:5 Grinder


Innate Abilities, Weirdness & Mutations

Your body is rotting away.
You thrive on raw meat.
You are immune to poison.
You have sharp fingernails.
You are carnivorous and can eat meat at any time.
Your flesh is cold resistant. (rC+)
You are immune to negative energy. (rN+++)
You do not regenerate when monsters are visible.
You are immune to unholy pain and torment.
You can survive without breathing.


Message History

The worker ant zombie completely resists.
The wall freezes the worker ant zombie but do no damage.
The leopard gecko skeleton completely resists.
The wall freezes the leopard gecko skeleton but do no damage.
The worker ant zombie resists.
The wall freezes the worker ant zombie.
You completely miss the worker ant zombie.
The worker ant zombie is heavily damaged.
The leopard gecko skeleton resists.
The wall freezes the leopard gecko skeleton.
The worker ant zombie completely resists.
The wall freezes the worker ant zombie but do no damage.
The worker ant zombie bites you.
* * * LOW HITPOINT WARNING * * *
You hit the worker ant zombie.
The worker ant zombie is severely damaged.
The frozen ramparts melt away.
The worker ant zombie closely misses you.
The worker ant zombie bites you.
* * * LOW HITPOINT WARNING * * *
You barely miss the worker ant zombie.
The worker ant zombie is severely damaged.
The worker ant zombie barely misses you.
Really quaff
f - a potion of curing {!q}?
You feel better.
The worker ant zombie barely misses you.
Really quaff
l - a fuming blue potion {!q}?
It was a potion of degeneration {!q}.
There was something very wrong with that liquid.
You feel weakened.
You feel dopey.
You feel clumsy. The worker ant zombie bites you.
* * * LOW HITPOINT WARNING * * *
You barely miss the worker ant zombie.
The worker ant zombie is severely damaged.
The worker ant zombie bites you.
* * * LOW HITPOINT WARNING * * *
Casting: Frozen Ramparts (safe; 4% risk of failure)
Confirm with . or Enter, or press ? or * to list all spells.
The walls around you are covered in ice.
The worker ant zombie resists.
The wall freezes the worker ant zombie.
The worker ant zombie bites you but does no damage.
The leopard gecko skeleton completely resists.
The wall freezes the leopard gecko skeleton but do no damage.
The worker ant zombie completely resists.
The wall freezes the worker ant zombie but do no damage.
The leopard gecko skeleton completely resists.
The wall freezes the leopard gecko skeleton but do no damage.
The worker ant zombie completely resists.
The wall freezes the worker ant zombie but do no damage.
The leopard gecko skeleton completely resists.
The wall freezes the leopard gecko skeleton but do no damage.
The worker ant zombie completely resists.
The wall freezes the worker ant zombie but do no damage.
The leopard gecko skeleton completely resists.
The wall freezes the leopard gecko skeleton but do no damage.
The worker ant zombie completely resists.
The wall freezes the worker ant zombie but do no damage.
The leopard gecko skeleton completely resists.
The wall freezes the leopard gecko skeleton but do no damage.
Casting: Frozen Ramparts (safe; 4% risk of failure)
Confirm with . or Enter, or press ? or * to list all spells.
The spell is very dangerous to cast (52% risk of failure)!
Continue anyway?
A chill wind blows around you.
The worker ant zombie resists.
The wall freezes the worker ant zombie.
The worker ant zombie bites you.
You die...

######## #......# #......#
#......# #......############
#####.........ZZ@Y....# ####
...........##########... ....
.............####### #####.
..÷........#.Z.....# ##.....
###........#######.########..#
#.#...............<(.......##
#)###############Z..#####...###
#.)(##.....# ###....Z..#.÷..
###.##..÷..# ###..#######.


You could see a worker ant zombie, a leopard gecko skeleton and a friendly ice
beast.

Vanquished Creatures
  A centaur (D:5)
  A bullfrog (D:3)
  A hound (D:4)
  A jelly (D:5)
  An orc wizard (D:3)
  3 orc priests (D:3)
  A centaur skeleton (D:3)
  The ghost of Prakerore the Grave Robber, a weakling DsNe (D:3)
  3 adders
  A shadow imp (D:5)
  An ooze (D:2)
  An adder skeleton (D:3)
  3 worms
  4 dart slugs
  5 leopard geckos
  7 orcs (D:3)
  2 ball pythons
  5 bats
  2 giant cockroaches
  14 goblins
  8 hobgoblins
  6 kobolds
  4 quokkas
  2 frilled lizards
  7 rats
85 creatures vanquished.

Vanquished Creatures (collateral kills)
  A centaur skeleton (D:3)
1 creature vanquished.

Grand Total: 86 creatures vanquished

Notes
Turn   | Place    | Note
-------+----------+-------------------------------------------
     0 | D:1      | Amnesiac the Ghoul Ice Elementalist began the quest for the
                  | Orb.
     0 | D:1      | Reached XP level 1. HP: 14/14 MP: 2/2
    87 | D:2      | Reached XP level 2. HP: 9/22 MP: 0/3
   228 | D:3      | Reached skill level 1 in Fighting
   260 | D:3      | Reached skill level 5 in Ice Magic
   260 | D:3      | Reached XP level 3. HP: 10/28 MP: 0/5
   265 | D:3      | Learned a level 3 spell: Frozen Ramparts
   351 | D:4      | Found an opulent altar of Gozag.
   423 | D:5      | Entered Level 5 of the Dungeon
   423 | D:5      | Noticed Grinder
   434 | D:4      | Noticed a phantom
   456 | D:4      | Found a shadowy altar of Dithmenos.
   512 | D:4      | Found a staircase to the Ecumenical Temple.
   521 | D:4      | Reached XP level 4. HP: 7/35 MP: 0/6
   704 | D:4      | Noticed a phantom
   708 | Temple   | Entered the Ecumenical Temple
   760 | Temple   | Became a worshipper of Vehumet
  1151 | D:1      | Reached skill level 1 in Shields
  1321 | D:2      | Reached XP level 5. HP: 38/40 MP: 4/7
  1401 | D:2      | Learned a level 4 spell: Summon Ice Beast
  1426 | D:2      | You fall into a shaft and drop 1 floor!
  1740 | D:2      | Reached * piety under Vehumet
  1740 | D:2      | Offered knowledge of Magic Dart by Vehumet.
  1836 | D:2      | You fall into a shaft and drop 2 floors!
  1837 | D:4      | Noticed a phantom
  1888 | D:5      | Noticed a centaur
  1893 | D:5      | Killed a centaur
  1893 | D:5      | Reached skill level 6 in Ice Magic
  1918 | D:5      | Reached XP level 6. HP: 30/47 MP: 0/9
  2442 | D:3      | Found a runed translucent gate.
  2442 | D:3      | Found a runed translucent gate.
  2442 | D:3      | Found a runed translucent gate.
  3075 | D:3      | Reached skill level 7 in Ice Magic
  3153 | D:3      | Reached XP level 7. HP: 19/52 MP: 6/10
  3224 | D:3      | Noticed Prakerore's ghost (weakling DsNe)
  3226 | D:3      | Reached ** piety under Vehumet
  3252 | D:3      | Killed Prakerore's ghost
  3252 | D:3      | Offered knowledge of Shock by Vehumet.
  3261 | D:3      | HP: 2/52 [worker ant zombie (6)]
  3280 | D:3      | HP: 2/52 [worker ant zombie (7)]
  3294 | D:3      | Slain by a worker ant zombie

Levels and vault maps discovered:
D:1:      psy_arrival_statuary, layout_basic
D:2:      layout_basic
D:3:      layout_rooms, gammafunk_ghost_necromancy, first_ration
D:4:      layout_rooms, old_standard_altar, overflow_temple_1_default,
          minmay_temple_entry_grid, trog_butcher_becter
D:5:      layout_basic, nicolae_ru_path_of_blood, elyvilon_altar_4, uniq_grinder
Temple:   dshaligram_water_room_temple

Skill      XL: |  1  2  3  4  5  6 |
---------------+-------------------+-----
Spellcasting   | 2 3 |  3.4
Fighting       | 1 |  1.5
Ice Magic      | 5 6 7 |  7.3
Shields        | 1 2 |  2.6
Dodging        | |  1.7
Stealth        | |  2.1

Action                   |  1- 3 |  4- 6 |  7- 9 || total
-------------------------+-------+-------+-------++-------
Melee: Unarmed           |    18 |       |       ||    18
       Flail             |     4 |    59 |    18 ||    81
 Cast: Freeze            |    33 |    89 |     5 ||   127
       Frozen Ramparts   |     1 |     7 |     3 ||    11
       Summon Ice Beast  |       |     1 |     1 ||     2
  Use: Potion            |       |       |     4 ||     4
  Eat: Chunk             |    18 |    24 |     6 ||    48
Armor: Robe              |    10 |    14 |     4 ||    28
Dodge: Dodged            |    30 |    99 |    28 ||   157

Table legend:
 A = Non-vault XP
 B = Vault XP
 C = Vault XP percentage of total XP
 D = Non-vault monster count
 E = Vault monster count
 F = Vault count percentage of total count
                 A         B        C        D         E       F
            +---------+---------+-------+---------+---------+-------
      Total |     682 |      66 |   8.8 |      83 |       3 |   3.5
            +---------+---------+-------+---------+---------+-------
        D:1 |      38 |       0 |   0.0 |      19 |       0 |   0.0
        D:2 |      71 |       0 |   0.0 |      28 |       0 |   0.0
        D:3 |     359 |      66 |  15.5 |      28 |       3 |   9.7
        D:4 |      55 |       0 |   0.0 |       5 |       0 |   0.0
        D:5 |     159 |       0 |   0.0 |       3 |       0 |   0.0
            +---------+---------+-------+---------+---------+-------
